 Dungeon Crawl Stone Soup version 0.30-a0-591-g3c58d2bc28 (webtiles) character file.

Game seed: 5617953938277588217

1318 drugrobin the Martial Artist (level 8, 0/60 (62) HPs)
             Began as a Demigod Delver on Jan 6, 2023.
             Slain by a wight
             ... wielding a +3 battleaxe
              (2 damage)
             ... on level 7 of the Dungeon.
             The game lasted 00:17:33 (6568 turns).

drugrobin the Martial Artist (Demigod Delver)       Turns: 6568, Time: 00:17:34

HP:   0/60 (62)     AC:  6    Str: 13    XL:     8   Next: 11%
MP:   10/10         EV: 12    Int: 12    God:
Gold: 393           SH:  7    Dex: 28    Spells: 4/7 levels left

rFire   . . .      SeeInvis .      - Unarmed
rCold   . . .      Faith    .    g - +2 buckler
rNeg    . . .      Spirit   .    N - +0 robe "Buor" {Dex+5}
rPois   .          Reflect  .    (no helmet)
rElec   .          Harm     .    (no cloak)
rCorr   .          Rampage  .    (no gloves)
Will    +....                    (no boots)
Stlth   ++++                     J - amulet of magic regeneration
HPRegen 0.30/turn                m - ring of willpower
MPRegen 0.52/turn                D - +4 ring of protection

@: lightly drained
A: high MP 1, forlorn, divine attributes
a: no special abilities


You were on level 7 of the Dungeon.
You visited 1 branch of the dungeon, and saw 7 of its levels.

You collected 393 gold pieces.

Inventory:

Hand Weapons
 b - a +0 sling
Missiles
 K - 4 poisoned darts
 L - 6 boomerangs (quivered)
Armour
 g - a +2 buckler (worn)
 o - a scarf of harm
 N - the +0 robe "Buor" (worn) {Dex+5}
   (You found it on level 7 of the Dungeon)

   Dex:       It affects your dexterity (+5).
Magical Staves
 F - a staff of air
Jewellery
 m - a ring of willpower (left hand)
 A - a ring of ice
 D - a +4 ring of protection (right hand)
 J - an amulet of magic regeneration (around neck)
Wands
 d - a wand of flame (1)
 f - a wand of digging (3)
 E - a wand of roots (5)
 M - a wand of charming (8)
Scrolls
 c - a scroll of magic mapping
 i - a scroll of vulnerability {unknown}
 j - 8 scrolls of identify {unknown}
 l - 5 scrolls of teleportation {unknown}
 n - 2 scrolls of silence {unknown}
 q - 2 scrolls of torment {unknown}
 s - a scroll of enchant armour {unknown}
 v - a scroll of blinking {unknown}
 w - 3 scrolls of fog
 y - 3 scrolls of enchant weapon {unknown}
 B - a scroll of fear
 G - a scroll of noise {unknown}
 I - a scroll of amnesia {unknown}
Potions
 e - 3 potions of haste
 h - a potion of brilliance {unknown}
 k - 5 potions of might {unknown}
 p - 2 potions of curing {unknown}
 r - 4 potions of flight {unknown}
 t - 2 potions of invisibility {unknown}
 u - 2 potions of cancellation {unknown}
 x - 2 potions of heal wounds {unknown}
 z - 2 potions of berserk rage {unknown}
 C - 3 potions of lignification {unknown}
 H - 2 potions of degeneration {unknown}


   Skills:
 - Level 2.6 Fighting
 - Level 1.7 Dodging
 - Level 4.5 Stealth
 + Level 9.5 Unarmed Combat


You had 4 spell levels left.
You knew the following spells:

 Your Spells              Type           Power      Damage    Failure   Level
a - Beastly Appendage     Tmut           0%         N/A       41%         1
b - Wereblood             Tmut           0%         N/A       56%         2

Your spell library contained the following spells:

 Spells                   Type           Power      Damage    Failure   Level
 Spider Form              Tmut/Pois      0%         N/A       80%         3


Dungeon Overview and Level Annotations

Branches:
Dungeon (7/15)             Temple (0/1) D:7

Shops:
D:2 [   D:6 :

Annotations:
D:5 Grinder


Innate Abilities, Weirdness & Mutations

You have an increased reservoir of magic. (+10% MP)
You shall have no god before yourself.
Your divine heritage dramatically boosts your attributes as you level up.


Message History

You throw a boomerang. The boomerang hits the wight.
The wight is lightly damaged.
Unknown command.
Aiming: Throw Flame
Press: ? - help, Shift-Dir - straight line, f/p - wight
Aim: a wight, wielding a +3 battleaxe and wearing a +0 robe (lightly damaged, 68% to hit)
The puff of flame hits the wight.
The wight is heavily damaged.
Unknown command.
Aiming: Throw Flame
Press: ? - help, Shift-Dir - straight line, f/p - wight
Aim: a wight, wielding a +3 battleaxe and wearing a +0 robe (heavily damaged, 68% to hit)
The puff of flame hits the wight but does no damage.
The wight is heavily damaged.
Unknown command.
Aiming: Throw Flame
Press: ? - help, Shift-Dir - straight line, f/p - wight
Aim: a wight, wielding a +3 battleaxe and wearing a +0 robe (heavily damaged, 68% to hit)
The puff of flame hits the wight!
The wight is almost destroyed.
Unknown command.
Aiming: Throw Flame
Press: ? - help, Shift-Dir - straight line, f/p - wight
Aim: a wight, wielding a +3 battleaxe and wearing a +0 robe (almost destroyed, 68% to hit)
The puff of flame misses the wight.
Unknown command.
Aiming: Throw Flame
Press: ? - help, Shift-Dir - straight line, f/p - wight
Aim: a wight, wielding a +3 battleaxe and wearing a +0 robe (almost destroyed, 68% to hit)
The puff of flame misses the wight.
You block the wight's attack.
Unknown command.
Aiming: Throw Flame
Press: ? - help, Shift-Dir - straight line, f/p - wight
Aim: a wight, wielding a +3 battleaxe and wearing a +0 robe (almost destroyed, 68% to hit)
The puff of flame hits the wight.
The wight is almost destroyed.
The wight hits you with a +3 battleaxe!
* * * LOW HITPOINT WARNING * * *
You feel drained.
You die...

##################.........
#...........#....'.........
#...........#....#.........
#...........#....#.........
#<..####...##....#.........
#...####'####....##########
#....................#
#..........z.........#
#.......[.@).........#
#...............^....#
#....................#
######################


You could see a wight.

Vanquished Creatures
  An ogre (D:4)
  A centaur (D:6)
  2 phantoms (D:7)
  A bullfrog (D:6)
  3 scorpions
  4 wights
  3 hounds
  2 orc priests (D:6)
  3 jellies (D:2)
  An iguana (D:5)
  Terence (D:3)
  3 orc wizards
  A gnoll (D:1)
  5 adders
  An ufetubus (D:4)
  2 worms (D:2)
  3 dart slugs
  15 orcs
  4 bats
  21 endoplasms
  3 giant cockroaches
  8 goblins
  12 hobgoblins
  3 jackals (D:4)
  3 quokkas
  6 ball pythons
  4 frilled lizards
  19 kobolds
  2 rats (D:3)
137 creatures vanquished.

Vanquished Creatures (others)
  6 fungi (D:2)
  8 toadstools (D:2)
14 creatures vanquished.

Grand Total: 151 creatures vanquished

Notes
Turn   | Place    | Note
-------+----------+-------------------------------------------
     0 | D:5      | drugrobin the Demigod Delver began the quest for the Orb.
     0 | D:5      | Reached XP level 1. HP: 18/18 MP: 3/3
    39 | D:5      | Noticed Grinder
    39 | D:5      | Paralysed by Grinder for 3 turns
    99 | D:5      | Noticed an iguana
   106 | D:5      | Noticed a hound
   247 | D:4      | Reached skill level 2 in Unarmed Combat
   400 | D:3      | Reached XP level 2. HP: 22/25 MP: 4/4
   488 | D:2      | Reached skill level 3 in Unarmed Combat
   528 | D:2      | Reached XP level 3. HP: 5/30 MP: 5/5
   641 | D:2      | Found Uhocoek's Armour Shop.
   666 | D:2      | Learned a level 1 spell: Beastly Appendage
  1339 | D:1      | Reached skill level 4 in Unarmed Combat
  1916 | D:2      | Reached XP level 4. HP: 37/37 MP: 6/6
  2071 | D:2      | Reached skill level 5 in Unarmed Combat
  2071 | D:2      | Reached XP level 5. HP: 41/42 MP: 7/7
  3064 | D:3      | Noticed Terence
  3083 | D:3      | Killed Terence
  3231 | D:3      | Learned a level 2 spell: Wereblood
  3266 | D:3      | Reached skill level 6 in Unarmed Combat
  3539 | D:3      | Reached XP level 6. HP: 50/50 MP: 8/8
  4538 | D:5      | Reached skill level 7 in Unarmed Combat
  4561 | D:5      | Noticed a cacodemon
  4748 | D:5      | Reached XP level 7. HP: 47/56 MP: 6/9
  5185 | D:6      | Found Dijeijiw's Book Boutique.
  5397 | D:6      | Reached skill level 8 in Unarmed Combat
  5950 | D:7      | Identified the +6 spear of the Other Side {flame, rElec}
  6171 | D:7      | Noticed a steam dragon
  6223 | D:7      | Found a staircase to the Ecumenical Temple.
  6241 | D:7      | Identified the +0 robe "Buor" {Dex+5}
  6417 | D:6      | Reached skill level 9 in Unarmed Combat
  6509 | D:6      | Reached XP level 8. HP: 50/62 MP: 10/10
  6568 | D:7      | HP: 2/62 [wight/+3 battleaxe (13)]
  6568 | D:7      | Slain by a wight

Illustrated notes

Levels and vault maps discovered:
D:1:      onia_arrival_mini_spirals, layout_basic
D:2:      cheibrodos_fertilizer, layout_loops_corners, serial_shops,
          nicolae_shop_statue_plus
D:3:      layout_basic, mainiacjoe_overflow_tiny_flanked,
          ebering_ecumenical_altar_hall, grunt_decor_mini_mirrors, uniq_terence
D:4:      layout_layer_cave
D:5:      layout_loops_ring, makhleb_altar_promises_db, nrook_campfire,
          bh_walls_and_bars, uniq_grinder
D:6:      layout_basic, kennysheep_mini, serial_shops, shop_fountains
D:7:      layout_gridville, minmay_temple_entry_ruins, minivault_26,
          uniq_duvessa

Skill      XL: |  1  2  3  4  5  6  7 |
---------------+----------------------+-----
Unarmed Combat | 2 3 4 5 6 7 9 |  9.5
Fighting       | |  2.6
Dodging        | |  1.7
Stealth        | |  4.5

Action                   |  1- 3 |  4- 6 |  7- 9 || total
-------------------------+-------+-------+-------++-------
Melee: Unarmed           |   181 |   249 |    92 ||   522
       Kick              |       |     8 |       ||     8
       Headbutt          |       |     5 |       ||     5
 Fire: Sling             |       |    24 |    15 ||    39
Throw: Boomerang         |       |       |     3 ||     3
 Cast: Beastly Appendage |       |     4 |       ||     4
Evoke: Wand              |     9 |     7 |     6 ||    22
  Use: Scroll            |     2 |       |       ||     2
 Stab: Sleeping          |    10 |     8 |       ||    18
       Distracted        |     1 |       |       ||     1
Armor: Leather armour    |    43 |    60 |    15 ||   118
       Robe              |       |       |     6 ||     6
Dodge: Dodged            |    53 |    95 |    39 ||   187
Block: Buckler           |    40 |    69 |    32 ||   141

Table legend: (Time is in decaauts)
 A = Elapsed time spent in this place.
 B = Non-inter-level travel time spent in this place.
 C = Inter-level travel time spent in this place.
 D = Time resting spent in this place.
 E = Time spent auto-exploring this place.
 F = Levels seen in this place.
 G = Mean time per level.
                   A        B        C        D        E       F      G
               +--------+--------+--------+--------+--------+-----+--------+
         Total |   6552 |   6287 |    265 |    461 |   3961 |   7 |  936.0 |
       Dungeon |   6552 |   6287 |    265 |    461 |   3961 |   7 |  936.0 |
               +--------+--------+--------+--------+--------+-----+--------+

Top non-repeatable levels by time:
     D:2: 1258 daAuts
     D:1: 1171 daAuts
     D:4: 1132 daAuts
     D:6: 1054 daAuts
     D:5: 822 daAuts
     D:3: 760 daAuts
     D:7: 354 daAuts
